Map: Prion Terraces

Players

Grumm - Winner!

  • Race: Protoss Protoss
  • League: Gold

Cpoff

  • Race: Protoss Protoss
  • League: Gold

VOD

Have the link to the VOD?

Description

Time

  • Played on: Feb. 5, 2016, 6:20 p.m.
  • Length: 6:57
Show
View Real Time Build Order
Export as new Build Order

Grumm Protoss - Winner!

Build Orders: 1 Gate Expand 

Get SALT Encoding   

  12  0:01  Probe (Chrono Boost)  
  13  0:11  Probe (Chrono Boost)  
  14  0:20  Pylon  
  14  0:22  Probe (Chrono Boost)  
  15  0:31  Assimilator  
  15  0:38  Probe (Chrono Boost)  
  16  0:46  Gateway  
  16  0:48  Probe (Chrono Boost)  
  17  0:59  Probe (Chrono Boost)  
  18  1:09  Probe (Chrono Boost)  
  19  1:20  Probe (Chrono Boost)  
  20  1:32  Nexus  
  20  1:44  Cybernetics Core  
  21  1:47  Probe (Chrono Boost)  
  21  2:04  Probe (Chrono Boost)  
  22  2:12  Pylon  
  22  2:23  Pylon  
  22  2:26  Warp Gate (Chrono Boost)  
  22  2:30  Zealot  
  22  2:31  Assimilator  
  22  2:34  Forge  
  23  2:37  Pylon  
  23  2:41  Mothership Core (Chrono Boost)  
  25  2:47  Probe (Chrono Boost)  
  26  2:57  Probe (Chrono Boost)  
  27  3:03  Gateway  
  27  3:12  Photon Cannon  
  27  3:18  Probe x2 (Chrono Boost)  
  29  3:27  Stargate  
  29  3:30  Probe (Chrono Boost)  
  30  3:38  Photon Cannon  
  30  3:42  Probe  
  30  3:43  Probe  
  32  3:56  Pylon  
  32  4:01  Assimilator  
  32  4:06  Probe  
  31  4:10  Assimilator  
  31  4:12  Pylon  
  31  4:18  Protoss Shields Level 1 (Chrono Boost)  
  31  4:21  Oracle  
  34  4:26  Probe  
  35  4:33  Photon Cannon  
  35  4:36  Stalker  
  37  4:42  Adept  
  39  4:48  Probe  
  39  4:50  Probe  
  41  4:59  Probe  
  41  5:02  Probe  
  43  5:09  Probe  
  43  5:14  Probe  
  45  5:20  Probe  
  45  5:26  Probe  
  45  5:27  Stalker  
  45  5:28  Stalker  
  51  5:29  Void Ray (Chrono Boost)  
  53  5:55  Pylon  
  53  5:57  Stalker x2  
  55  6:00  Robotics Facility  
  57  6:05  Stargate  
  57  6:07  Pylon  
  57  6:31  Stalker  
Show
View Real Time Build Order
Export as new Build Order

Cpoff Protoss 

Build Orders:  

Get SALT Encoding   

  12  0:01  Probe (Chrono Boost)  
  13  0:15  Pylon  
  13  0:18  Probe (Chrono Boost)  
  14  0:28  Probe (Chrono Boost)  
  14  0:35  Gateway  
  15  0:39  Probe (Chrono Boost)  
  16  0:47  Assimilator  
  17  0:50  Probe (Chrono Boost)  
  17  1:00  Probe (Chrono Boost)  
  18  1:05  Assimilator  
  18  1:11  Probe (Chrono Boost)  
  19  1:25  Cybernetics Core  
  19  1:29  Probe (Chrono Boost)  
  20  1:40  Probe (Chrono Boost)  
  22  2:05  Mothership Core (Chrono Boost)  
  23  2:23  Pylon  
  23  2:25  Pylon  
  23  2:41  Probe (Chrono Boost)  
  23  2:43  Stargate  
  24  2:52  Probe (Chrono Boost)  
  24  2:57  Stargate  
  25  3:23  Protoss Air Weapons Level 1  
  25  3:44  Void Ray (Chrono Boost)  
  29  3:50  Nexus  
  29  3:54  Pylon  
  29  4:05  Zealot  
  31  4:11  Pylon  
  35  4:18  Void Ray (Chrono Boost)  
  35  4:35  Probe  
  36  4:42  Void Ray (Chrono Boost)  
  40  4:47  Probe  
  41  4:53  Assimilator  
  41  4:58  Assimilator  
  41  4:59  Probe  
  42  5:10  Void Ray (Chrono Boost), Probe  
  42  5:11  Probe  
  47  5:23  Probe  
  26  5:53  Void Ray (Chrono Boost)  
  30  6:04  Probe  
  30  6:05  Probe  
  32  6:17  Probe x2  
Tags
 
Add a new tag
Caveats
  • Supply blocks, unpowered buildings, or Contaminate may cause inaccurate times.
  • Supply counts are checked every 10 seconds.